 Dungeon Crawl Stone Soup version 0.30-a0-509-gd016549fea (webtiles) character file.

Game seed: 11648352488861119354

1692 funkygono the Magician (level 8, -1/53 HPs)
             Began as a Demonspawn Fire Elementalist on Dec 22, 2022.
             Was a Follower of Vehumet.
             Killed by vampiric draining
             ... invoked by a vampire
              (14 damage)
             ... on level 6 of the Dungeon.
             The game lasted 00:09:18 (5805 turns).

funkygono the Magician (DsFE)                       Turns: 5805, Time: 00:09:19

Health: -1/53      AC:  7    Str:  9    XL:     8   Next: 72%
Magic:  10/18      EV: 12    Int: 24    God:    Vehumet [*.....]
Gold:   453        SH:  0    Dex: 14    Spells: 7/20 levels left

rFire   . . .      SeeInvis .    k - +0 whip (venom)
rCold   . . .      Faith    .    (no shield)
rNeg    . . .      Spirit   .    A - +1 robe {Archmagi}
rPois   .          Reflect  .    (helmet restricted)
rElec   .          Harm     .    v - +0 cloak
rCorr   .          Rampage  .    (no gloves)
Will    .....      Archmagi +    (no boots)
Stlth   ++........               (no amulet)
HPRegen 0.28/turn                j - +6 ring of intelligence
MPRegen 0.16/turn                m - ring of flight

@: flying
A: antennae 1, yellow scales 2
a: Renounce Religion


You were on level 6 of the Dungeon.
You worshipped Vehumet.
Vehumet was aware of your devotion.
You visited 2 branches of the dungeon, and saw 7 of its levels.

You collected 453 gold pieces.

Inventory:

Hand Weapons
 d - a +0 dagger of venom
 h - a +1 vampiric short sword
 k - a +0 whip of venom (weapon)
Armour
 a - a +0 robe
 g - +0 steam dragon scales
 v - a +0 cloak (worn)
 A - a +1 robe of the Archmagi (worn)
Magical Staves
 p - a staff of air
Jewellery
 j - a +6 ring of intelligence (left hand)
 m - a ring of flight (right hand)
Scrolls
 b - a scroll of teleportation
 f - a scroll of immolation
 i - 2 scrolls of magic mapping
 l - a scroll of vulnerability
 n - a scroll of enchant armour {unknown}
Potions
 c - a potion of curing
 e - 3 potions of attraction {unknown}
 o - a potion of flight {unknown}
 s - a potion of cancellation {unknown}
 t - 2 potions of haste {unknown}
 u - a potion of lignification {unknown}
 w - a potion of heal wounds {unknown}
 z - a potion of degeneration {unknown}
 B - a potion of ambrosia {unknown}


   Skills:
 + Level 0.8 Fighting
 + Level 0.2 Maces & Flails
 + Level 2.2 Dodging
 - Level 1.7 Stealth
 * Level 6.9 Spellcasting
 * Level 5.2 Conjurations
 * Level 6.1 Fire Magic
 * Level 1.3 Earth Magic


You had 7 spell levels left.
You knew the following spells:

 Your Spells              Type           Power      Damage    Failure   Level
a - Foxfire               Conj/Fire      100%       2x1d9     1%          1
b - Scorch                Fire           100%       2d10      1%          2
c - Kindle Blastsparks    Fire/Tloc/Air  54%        2d14      10%         3
d - Flame Wave            Conj/Fire      52%        2d13      7%          4
e - Stone Arrow           Conj/Erth      72%        3d11      5%          3

Your spell library contained the following spells:

 Spells                   Type           Power      Damage    Failure   Level
 Magic Dart               Conj           100%       1d8       1%          1
 Inner Flame              Hex/Fire       34%        N/A       6%          3
 Necrotise                Necr           48%        1d6       8%          1
 Summon Small Mammal      Summ           48%        N/A       8%          1
 Ignite Poison            Fire/Tmut/Pois 27%        N/A       10%         3
 Call Canine Familiar     Summ           12%        N/A       22%         3
 Summon Guardian Golem    Hex/Summ       12%        N/A       22%         3
 Vampiric Draining        Necr           12%        2d6       22%         3
 Animate Armour           Summ/Erth      34%        N/A       50%         4
 Freezing Cloud           Conj/Ice/Air   12%        6-21      69%         5
 Agony                    Necr           12%        N/A       90%         5
 Blade Hands              Tmut           6%         N/A       90%         5
 Iron Shot                Conj/Erth      18%        9d4       96%         6
 Lehudib's Crystal Spear  Conj/Erth      18%        10d5      100%        8


Dungeon Overview and Level Annotations

Branches:
Dungeon (6/15)             Temple (1/1) D:5

Altars:
Cheibriados
Gozag
Hepliaklqana
Makhleb
Nemelex Xobeh
Okawaru
Ru
Sif Muna
Trog
Uskayaw
Vehumet
Wu Jian
Xom
Yredelemnul
Lugonu

Shops:
D:3 :   D:5 [

Portals:
Abyss: D:1

Annotations:
D:1 2 runed translucent doors


Innate Abilities, Weirdness & Mutations

You have a pair of small antennae on your head.
You are mostly covered in yellow scales. (AC +3)


Message History

The vampire's fire resistance burns away.
The foxfire hits the vampire!
The vampire is burned terribly!
The vampire is severely damaged.
The vampire completely misses you. The vampire bites you!
* * * LOW HITPOINT WARNING * * *
The vampire draws strength from your injuries!
Unknown command.
Casting: Scorch (safe; 1% risk of failure)
Confirm with . or Enter, or press ? or * to list all spells.
Casting: Flame Wave (dangerous; 7% risk of failure)
Press: ? - help, Dir - look around, f - activate You feel a surge of power!
A wave of flame ripples out!
The flame wave engulfs your foxfire.
Your foxfire completely resists.
The flame wave engulfs the vampire.
The vampire is burned terribly!
The vampire is severely damaged. (Press . to intensify the flame waves.)
The vampire points at you and mumbles some strange words.
You are confused.
Unknown command.
The vampire casts a spell.
The vampire flickers and vanishes!
Deactivating autopickup; reactivate with Ctrl-A.
Something hits you!
* * * LOW HITPOINT WARNING * * *
Something bites you but does no damage.
Unknown command.
You're too confused to cast spells.
Okay, then.
Unknown command.
Unknown command.
Unknown command.
You feel better. Something hits you.
* * * LOW HITPOINT WARNING * * *
Something bites you.
* * * LOW HITPOINT WARNING * * *
Something draws strength from your injuries!
Unknown command.
You feel better. Something draws life force from you!
You die...

########### #.....†v@.#
#.#######{# #.# #.# ##>#
#####.#### #..#
#........#########
#.....##.###.##..........
#..###....###.#...########
#.. .............# #†
#lh.#####...##


There were no monsters in sight!

Vanquished Creatures
  Sigmund (D:2)
  A steam dragon (D:6)
  A vampire mosquito (D:6)
  2 black bears (D:6)
  2 phantoms
  A bullfrog (D:6)
  3 scorpions
  A crimson imp (D:4)
  3 hounds
  3 iguanas
  14 orc wizards
  6 adders
  3 gnolls (D:5)
  A shadow imp (D:5)
  A white imp (D:5)
  2 worms
  3 dart slugs
  5 orcs
  4 bats
  6 endoplasms
  4 giant cockroaches
  10 goblins
  5 hobgoblins
  4 kobolds (D:2)
  3 quokkas
  4 ball pythons
  4 frilled lizards
  6 rats
103 creatures vanquished.

Vanquished Creatures (collateral kills)
  A foxfire (D:4)
1 creature vanquished.

Vanquished Creatures (others)
  282 foxfires
282 creatures vanquished.

Grand Total: 386 creatures vanquished

Notes
Turn   | Place    | Note
-------+----------+-------------------------------------------
     0 | D:1      | funkygono the Demonspawn Fire Elementalist began the quest
                  | for the Orb.
     0 | D:1      | Reached XP level 1. HP: 13/13 MP: 3/3
    57 | D:1      | Found a large runed translucent door.
    57 | D:1      | Found a large runed translucent door.
    57 | D:1      | Found a one-way gate to the infinite horrors of the Abyss.
    57 | D:1      | Noticed a crimson imp
    57 | D:1      | Noticed an iron imp
    57 | D:1      | Noticed a crimson imp
    96 | D:1      | Found a corrupted altar of Lugonu.
    96 | D:1      | Noticed an iron imp
    97 | D:1      | Noticed a quasit
    97 | D:1      | Noticed an iron imp
    97 | D:1      | Noticed a crimson imp
   100 | D:1      | Noticed a quasit
   342 | D:1      | Found a faded altar of an unknown god.
   419 | D:1      | Gained mutation: You have a pair of small antennae on your
                  | head. [demonic ancestry]
   419 | D:1      | Reached XP level 2. HP: 19/19 MP: 3/5
   422 | D:1      | Learned a level 2 spell: Scorch
  1133 | D:2      | Reached XP level 3. HP: 24/24 MP: 4/7
  1659 | D:2      | Noticed Sigmund
  1668 | D:2      | Killed Sigmund
  1669 | D:2      | Gained mutation: You are partially covered in yellow
                  | scales. (AC +2) [demonic ancestry]
  1669 | D:2      | Reached XP level 4. HP: 31/31 MP: 0/9
  1669 | D:2      | Reached XP level 5. HP: 36/36 MP: 0/10
  1673 | D:2      | Learned a level 3 spell: Kindle Blastsparks
  1678 | D:2      | Learned a level 4 spell: Flame Wave
  1844 | D:2      | Reached XP level 6. HP: 42/42 MP: 2/11
  2343 | D:3      | Found Badaem's Book Boutique.
  3642 | D:4      | Found a radiant altar of Vehumet.
  3647 | D:4      | Became a worshipper of Vehumet
  3709 | D:4      | Reached XP level 7. HP: 47/47 MP: 9/13
  3713 | D:4      | Learned a level 3 spell: Stone Arrow
  3978 | D:4      | Found a burning altar of Makhleb.
  4002 | D:4      | Found a shimmering altar of Xom.
  4071 | D:5      | Entered Level 5 of the Dungeon
  4092 | D:5      | Reached skill level 5 in Fire Magic
  4094 | D:5      | Reached skill level 5 in Spellcasting
  4297 | D:5      | Found a staircase to the Ecumenical Temple.
  4306 | Temple   | Entered the Ecumenical Temple
  4762 | D:5      | Found Uleucec's Armour Shop.
  4944 | D:6      | Noticed a steam dragon
  4960 | D:6      | Killed a steam dragon
  5092 | D:6      | Gained mutation: You are mostly covered in yellow scales.
                  | (AC +3) [demonic ancestry]
  5092 | D:6      | Reached XP level 8. HP: 53/53 MP: 8/17
  5684 | D:6      | Reached * piety under Vehumet
  5684 | D:6      | Offered knowledge of Magic Dart by Vehumet.
  5692 | D:6      | Reached skill level 5 in Conjurations
  5692 | D:6      | Reached skill level 1 in Earth Magic
  5805 | D:6      | Killed from afar by a vampire

Illustrated notes

Levels and vault maps discovered:
D:1:      erik_arrival_cave_to_civilisation [erik_arrival_cave_to_temple],
          layout_basic, dreamdust_ecumenical_altar_grove,
          nicolae_figureground_pulse
D:2:      layout_basic, minmay_divided_ellipse, uniq_sigmund
D:3:      layout_basic, serial_shops, shop, chequers_serial_rivers_room_a
D:4:      layout_loops_ring, grunt_temple_overflow_champion_of_chaos,
          mainiacjoe_overflow_chevrons
D:5:      layout_basic, minmay_temple_entry_large_hall, serial_shops,
          kennysheep_mini_moat
D:6:      minmay_flawed_box, layout_loops_corners, serial_shops,
          nicolae_stop_n_shop_2, minmay_manual_macuahuitl
Temple:   nicolae_temple_x_marks_the_god

Skill      XL: |  1  2  3  4  5  6  7  8 |
---------------+-------------------------+-----
Fire Magic     | 3 4 5 6 |  6.1
Dodging        | 2 |  2.2
Spellcasting   | 3 4 6 |  6.9
Conjurations   | 2 3 4 5 |  5.2
Earth Magic    | 1 |  1.3
Fighting       | |  0.8
Maces & Flails | |  0.2
Stealth        | |  1.7

Action                   |  1- 3 |  4- 6 |  7- 9 || total
-------------------------+-------+-------+-------++-------
Melee: Dagger            |     2 |       |       ||     2
       Short sword       |     1 |       |       ||     1
       Whip              |       |     1 |    25 ||    26
       Punch             |       |       |     1 ||     1
 Cast: Foxfire           |    64 |    46 |    60 ||   170
       Scorch            |     4 |    16 |    15 ||    35
       Stone Arrow       |       |       |    11 ||    11
       Flame Wave        |       |       |     2 ||     2
  Use: Scroll            |       |       |    10 ||    10
       Potion            |       |       |     4 ||     4
Armor: Robe              |       |     6 |    14 ||    20
Dodge: Dodged            |     3 |     9 |    42 ||    54

Table legend: (Time is in decaauts)
 A = Elapsed time spent in this place.
 B = Non-inter-level travel time spent in this place.
 C = Inter-level travel time spent in this place.
 D = Time resting spent in this place.
 E = Time spent auto-exploring this place.
 F = Levels seen in this place.
 G = Mean time per level.
                   A        B        C        D        E       F      G
               +--------+--------+--------+--------+--------+-----+--------+
         Total |   5804 |   5613 |    191 |    491 |   4418 |   7 |  829.1 |
       Dungeon |   5794 |   5609 |    185 |    491 |   4415 |   6 |  965.7 |
        Temple |      9 |      4 |      5 |      0 |      3 |   1 |    9.0 |
               +--------+--------+--------+--------+--------+-----+--------+

Top non-repeatable levels by time:
     D:2: 1244 daAuts
     D:1: 1079 daAuts
     D:6: 941 daAuts
     D:4: 898 daAuts
     D:3: 845 daAuts
     D:5: 785 daAuts
  Temple: 9 daAuts
